 Dungeon Crawl Stone Soup version 0.31-a0-321-g19405a7a6a (webtiles) character file.

Game seed: 5593250878698088341

78 cforsyth the Changeling (level 4, -8/34 HPs)
             Began as a Vampire Shapeshifter on July 18, 2023.
             Splashed by a jelly's acid (9 damage)
             ... on level 2 of the Dungeon.
             The game lasted 00:01:47 (1328 turns).

cforsyth the Changeling (Vampire Shapeshifter)      Turns: 1328, Time: 00:01:48

Health: -8/34      AC:  2    Str: 13 (16) XL:     4   Next: 15%
Magic:  4/4        EV: 12    Int:  8 (10) God:
Gold:   84         SH:  0    Dex: 13 (14) Spells: 3/3 levels left

rFire   . .          .
                       - Unarmed
rCold   . . .        (no shield)
rNeg    . . .        a - +0 animal skin
rPois   +            (helmet currently unavailable)
rElec   .            (cloak currently unavailable)
rCorr   .            (gloves currently unavailable)
SInv    +            (boots currently unavailable)
Will    .....        (no amulet)
Stlth   +            d - ring of poison resistance
HPRegen 0.45/turn    (no ring)
MPRegen 0.09/turn

%: no passive effects
@: beast-form, healing quickly
A: beast (slay +2), alive, fangs 3, see invisible, vampiric 2
a: Exsanguinate, Begin Untransformation


You were on level 2 of the Dungeon.
You were a hulking beast.
You visited 1 branch of the dungeon, and saw 2 of its levels.

You collected 84 gold pieces.

Inventory:

Armour
 a - a +0 animal skin (worn)
Jewellery
 d - a ring of poison resistance (left hand)
Talismans
 c - a beast talisman
Scrolls
 e - 2 scrolls of teleportation {unknown}
 f - 2 scrolls of amnesia {unknown}
 h - a scroll of fear {unknown}
 k - a scroll of enchant armour {unknown}
 l - a scroll of poison {unknown}
Potions
 b - 2 potions of lignification
 g - 2 potions of might {unknown}
 i - 2 potions of degeneration
 j - 2 potions of heal wounds {unknown}


   Skills:
 + Level 2.7 Fighting
 - Level 2.1 Dodging
 + Level 3.3 Unarmed Combat
 + Level 3.9 Shapeshifting


You had 3 spell levels left.
You didn't know any spells.
Your spell library contained the following spells:

 Spells                   Type           Power      Damage    Failure   Level
 Summon Guardian Golem    Hex/Summ       0%         N/A       78%         3
 Orb of Destruction       Conj           0%         9d5       100%        7
 Spellforged Servitor     Conj/Summ      0%         N/A       100%        7


Dungeon Overview and Level Annotations

Branches:
Dungeon (2/15)

Altars:

Shops:
D:1 (


Innate Abilities, Weirdness & Mutations

You are a hulking beast.
Your limbs bulge with bestial killing power. (Slay +2)
Your natural rate of healing is accelerated.
You have razor-sharp teeth.
You have supernaturally acute eyesight. (SInv)
You are afflicted with vampirism and can become a bat while bloodless.


Message History

You kill the endoplasm!
The jelly quivers.
The endoplasm hits the fungus.
The fungus begins to die.
The endoplasm quivers.
The jelly closely misses you.
The endoplasm hits the fungus.
You hit the jelly.
Your hands burn!
The jelly is lightly wounded.
The jelly closely misses you. The endoplasm misses you.
The endoplasm hits the fungus.
You hit the jelly.
Your hands burn!
The jelly is moderately wounded.
The endoplasm quivers.
A nearby fungus withers and dies.
The endoplasm jiggles.
The jelly hits you.
You are splashed with acid!
The endoplasm freezes you.
You are frozen.
The endoplasm hits the fungus.
The fungus begins to die.
The endoplasm quivers.
You are too injured to fight recklessly!
You are too injured to fight recklessly!
You are too injured to fight recklessly!
You are too injured to fight recklessly!
You are too injured to fight recklessly!
You are too injured to fight recklessly!
You are too injured to fight recklessly!
The endoplasm attacks as you move away! The endoplasm barely misses you.
A nearby fungus withers and dies. x2
There is an open door here.
Things that are here:
a +0 club; a kobold corpse The jelly attacks as you move away!
The jelly hits you.
You are splashed with acid!
* * * LOW HITPOINT WARNING * * *
It was a potion of degeneration.
There was something very wrong with that liquid.
You feel weakened.
You feel dopey.
You feel clumsy. The jelly hits you.
* * * LOW HITPOINT WARNING * * *
You are splashed with acid!
You die...

########## ##### #......... ###
#.... #......... ..# #..#
#....[.... ..###..############
###.......
.......##(..÷..##.#########......
....#..##PP...P#.#.#....###......
..†....##...J..#h#.#.....##......
##.....##..PP.÷#J#'#......'......
.......##.....J#J#........'......
#......##PPPJ.J#J#........'......
.......##..J...#J#.......##.....#
.##...^##PPPPJJJ##......####.####
.......##÷.÷÷..############..# ##
##.....######### ##..####.
..##...####### #####..#.....


You could see a jelly and 4 endoplasms.

Vanquished Creatures
  3 adders (D:2)
  2 dart slugs
  4 endoplasms (D:2)
  2 giant cockroaches (D:1)
  4 goblins
  2 hobgoblins (D:1)
  4 jackals (D:1)
  2 quokkas (D:1)
  3 ball pythons
  7 bats
  A frilled lizard (D:1)
  9 kobolds
  3 rats
46 creatures vanquished.

Notes
Turn   | Place    | Note
-------+----------+-------------------------------------------
     0 | D:1      | cforsyth the Vampire Shapeshifter began the quest for the
                  | Orb.
     0 | D:1      | Reached XP level 1. HP: 16/16 MP: 1/1
   263 | D:1      | Reached XP level 2. HP: 22/22 MP: 2/2
   467 | D:1      | Found Tuqaub's Antique Weapon Shop.
   900 | D:2      | Gained mutation: You are afflicted with vampirism and can
                  | become a bat while bloodless. [Vampire growth]
   900 | D:2      | Reached XP level 3. HP: 28/28 MP: 3/3
  1181 | D:2      | Reached XP level 4. HP: 34/34 MP: 4/4
  1328 | D:2      | HP: 1/34 [jelly (2)]
  1328 | D:2      | Splashed by a jelly's acid

Illustrated notes

Levels and vault maps discovered:
D:1:      dpeg_arrival_rhombus, layout_basic, serial_shops, shop
D:2:      cheibrodos_fertilizer, layout_rooms, serial_rivers,
          chequers_serial_rivers_room_a, chequers_serial_rivers_micro_b,
          chequers_serial_rivers_micro_c, chequers_serial_rivers_micro_b,
          chequers_avenue, hangedman_decor_peaks_small, hangedman_decor_points,
          minivault_27

Skill      XL: |  1  2  3 |
---------------+----------+-----
Fighting       | 2 |  2.7
Unarmed Combat | 3 |  3.3
Dodging        | |  2.1
Shapeshifting  | |  3.9

Action                     |  1- 3 |  4- 6 || total
---------------------------+-------+-------++-------
  Melee: Unarmed           |    90 |    24 ||   114
         Bite              |     3 |     2 ||     5
         Punch             |     2 |       ||     2
    Use: Potion            |       |     1 ||     1
 Armour: Animal skin       |    22 |     3 ||    25
  Dodge: Dodged            |    58 |    13 ||    71

Table legend: (Time is in decaauts)
 A = Elapsed time spent in this place.
 B = Non-inter-level travel time spent in this place.
 C = Inter-level travel time spent in this place.
 D = Time resting spent in this place.
 E = Time spent auto-exploring this place.
 F = Levels seen in this place.
 G = Mean time per level.
                   A        B        C        D        E       F      G
               +--------+--------+--------+--------+--------+-----+--------+
         Total |   1321 |   1282 |     39 |      0 |    999 |   2 |  660.5 |
       Dungeon |   1321 |   1282 |     39 |      0 |    999 |   2 |  660.5 |
               +--------+--------+--------+--------+--------+-----+--------+

Top non-repeatable levels by time:
     D:1: 892 daAuts
     D:2: 428 daAuts
